 Dungeon Crawl Stone Soup version 0.31-a0-986-g5e6e4ef867 (webtiles) character file.

Game seed: 7154005067788990669

22 Curundu the Trooper (level 2, -3/27 HPs)
             Began as a Draconian Berserker on Nov 11, 2023.
             Was a Follower of Trog.
             Frozen to death by an endoplasm (5 damage)
             ... on level 2 of the Dungeon.
             The game lasted 00:07:30 (1185 turns).

Curundu the Trooper (Draconian Berserker)           Turns: 1185, Time: 00:07:32

Health: -3/27      AC:  4    Str: 19    XL:     2   Next: 68%
Magic:  2/2        EV: 12    Int:  7    God:    Trog [*.....]
Gold:   113        SH:  0    Dex: 10    Spells: 1/1 levels left

rFire   . . .        a - +0 mace
rCold   . . .        (no shield)
rNeg    . . .        (body armour unavailable)
rPois   .            (helmet restricted)
rElec   .            (no cloak)
rCorr   .            (no gloves)
SInv    .            (no boots)
Will    .....        (no amulet)
Stlth   +            (no ring)
HPRegen 0.24/turn    (no ring)
MPRegen 0.08/turn

%: no passive effects
@: slowed, very slow
A: AC +4, unfitting armour, cold-blooded
a: Renounce Religion, Berserk


You were on level 2 of the Dungeon.
You worshipped Trog.
Trog was aware of your devotion.
You visited 1 branch of the dungeon, and saw 2 of its levels.

You collected 113 gold pieces.

Inventory:

Hand Weapons
 a - a +0 mace (weapon)
Missiles
 j - 3 atropa-tipped darts
Jewellery
 e - a ring of positive energy
 g - an amulet of the acrobat
 k - a ring of positive energy
Scrolls
 b - a scroll of enchant armour {unknown}
 c - 3 scrolls of identify {unknown}
 d - 2 scrolls of revelation {unknown}
 f - a scroll of torment {unknown}
Potions
 i - a potion of berserk rage {unknown}


   Skills:
 + Level 3.7 Fighting
 + Level 3.4 Maces & Flails
 + Level 2.9 Dodging


You had one spell level left.
You didn't know any spells.
Your spell library was empty.

Dungeon Overview and Level Annotations

Branches:
Dungeon (2/15)

Altars:

Shops:
D:1 [


Innate Abilities, Weirdness & Mutations

Your plain brown scales are hard. (AC +4)
You cannot fit into any form of body armour.
You are cold-blooded and may be slowed by cold attacks.


Message History

You throw a poisoned dart. The poisoned dart hits the gnoll.
The gnoll is moderately wounded.
Throw: dart (poison)
Press: ? - help, Q - select action, (/) - cycle Shift-Dir - straight line, f/p - gnoll
Aim: a gnoll, wielding a +0 club (56% to hit)
You throw a poisoned dart. The poisoned dart hits the endoplasm.
The gnoll hits you with a +0 club.
The endoplasm jiggles.
The endoplasm hits you.
You closely miss the gnoll.
The gnoll is moderately wounded.
The gnoll completely misses you. The endoplasm freezes you.
You are frozen.
You hit the gnoll.
Your tail-slap misses the gnoll.
The gnoll is heavily wounded.
The gnoll hits you with a +0 club.
* * * LOW HITPOINT WARNING * * *
The endoplasm hits you but does no damage.
You hit the gnoll.
The gnoll is severely wounded.
The gnoll hits you with a +0 club.
* * * LOW HITPOINT WARNING * * *
The endoplasm freezes you.
You are frozen.
* * * LOW HITPOINT WARNING * * *
You feel yourself slow down. The gnoll barely misses you.
You hit the gnoll but do no damage.
The gnoll is severely wounded.
The endoplasm hits you but does no damage.
The gnoll barely misses you.
The endoplasm hits you but does no damage.
Unknown command.
You closely miss the gnoll.
The gnoll is severely wounded.
The gnoll completely misses you. The endoplasm barely misses you.
The gnoll closely misses you. The endoplasm freezes you.
You are frozen.
You die...

#...........#
#..>...##.#.#
#......##...#
#......###..##
######.# #...##
#.. ###..#
#.####.>## #
#....#...# .#
#@#.#.######..##..
#gJg#............#
###g...#####..#..#
#J##.## .....
#.....####...###
###..........#
#...<......
#..........
#....+###.#


You could see 3 gnolls and 2 endoplasms.

Vanquished Creatures
  3 bats (D:1)
  3 endoplasms
  3 giant cockroaches (D:1)
  3 goblins (D:1)
  2 hobgoblins (D:1)
  A quokka (D:1)
  A frilled lizard (D:1)
  A rat (D:1)
17 creatures vanquished.

Notes
Turn   | Place    | Note
-------+----------+-------------------------------------------
     0 | D:1      | Curundu the Draconian Berserker began the quest for the
                  | Orb.
     0 | D:1      | Reached XP level 1. HP: 19/19 MP: 1/1
   208 | D:1      | Reached XP level 2. HP: 26/26 MP: 2/2
   465 | D:1      | Found Hodoxade's Antique Armour Shop.
  1183 | D:2      | HP: 1/27 [frozen (4)]
  1185 | D:2      | Frozen to death by an endoplasm

Illustrated notes

Levels and vault maps discovered:
D:1:      dpeg_arrival_prison, layout_basic, serial_shops, shop,
          roderic_roman_lattice
D:2:      layout_rooms, hellmonk_ecumenical_altar_slurped_away, dk_vineyard_3

Action                     || total
---------------------------++-------
  Melee: Mace              ||    76
         Tailslap          ||    12
  Throw: Dart              ||     2
 Armour: Skin              ||    41
  Dodge: Dodged            ||    59

Table legend: (Time is in decaauts)
 A = Elapsed time spent in this place.
 B = Non-inter-level travel time spent in this place.
 C = Inter-level travel time spent in this place.
 D = Time resting spent in this place.
 E = Time spent auto-exploring this place.
 F = Levels seen in this place.
 G = Mean time per level.
                   A        B        C        D        E       F      G
               +--------+--------+--------+--------+--------+-----+--------+
         Total |   1203 |   1203 |      0 |    125 |      0 |   2 |  601.5 |
       Dungeon |   1203 |   1203 |      0 |    125 |      0 |   2 |  601.5 |
               +--------+--------+--------+--------+--------+-----+--------+

Top non-repeatable levels by time:
     D:1: 1116 daAuts
     D:2: 86 daAuts
